 Dungeon Crawl Stone Soup version 0.22.1-1-ga44c0e5 (webtiles) character file.

597 Lauz the Carver (level 7, -2/91 HPs)
             Began as a Minotaur Berserker on Nov 2, 2018.
             Was a Priest of Trog.
             Slain by a phantom (9 damage)
             ... on level 4 of the Dungeon.
             The game lasted 00:05:35 (3922 turns).

Lauz the Carver (Minotaur Berserker)                Turns: 3922, Time: 00:05:35

Health: -2/91      AC:  2    Str: 28    XL:     7   Next: 17%
Magic:  6/6        EV: 12    Int:  4    God:    Trog [***...]
Gold:   122        SH:  0    Dex: 10    Spells: 6/6 levels left

rFire    . . .     SeeInvis +   a - +0 falchion
rCold    . . .     Gourm    .   (no shield)
rNeg     . . .     Faith    .   b - +0 animal skin
rPois    .         Spirit   .   (helmet restricted)
rElec    .         Reflect  .   (no cloak)
rCorr    .         Harm     .   (no gloves)
MR       .....                  (no boots)
Stlth    ..........             (no amulet)
HPRegen  0.25/turn              f - ring of see invisible
MPRegen  0.10/turn              (no ring)

@: berserking, lethally poisoned (-2 -> -3), very quick
A: retaliatory headbutt, horns 2
a: Berserk, Trog's Hand, Renounce Religion


You were on level 4 of the Dungeon.
You worshipped Trog.
Trog was most pleased with you.
You were very hungry.

You visited 1 branch of the dungeon, and saw 4 of its levels.

You collected 122 gold pieces.

Inventory:

Hand Weapons
 a - a +0 falchion (weapon)
Armour
 b - a +0 animal skin (worn)
 l - a +0 ring mail
Jewellery
 f - a ring of see invisible (left hand)
 o - an uncursed ring of see invisible
 r - an uncursed amulet of harm
Scrolls
 e - a scroll of identify
 g - 3 scrolls of remove curse {unknown}
 h - 2 scrolls of teleportation {unknown}
Potions
 d - a potion of berserk rage {unknown}
 i - a potion of lignification {unknown}
 j - 2 potions of haste {unknown}
 k - a potion of flight {unknown}
 m - a potion of heal wounds {unknown}
 n - 2 potions of cancellation {unknown}
 p - a potion of curing {unknown}
Comestibles
 c - 4 rations


   Skills:
 + Level 5.6 Fighting
 * Level 8.5 Long Blades
 - Level 2.4 Armour
 - Level 2.1 Dodging
 + Level 1.7 Stealth


You had 6 spell levels left.
You didn't know any spells.
Your spell library was empty.

Dungeon Overview and Level Annotations

Branches:
Dungeon (4/15)
 Temple: D:4-7

Altars:
Nemelex Xobeh
Okawaru
Trog
Vehumet
Yredelemnul


Innate Abilities, Weirdness & Mutations

You reflexively headbutt those who attack you in melee.
You have a pair of horns on your head.


Message History

The phantom blinks!
You closely miss the phantom. Your headbutt misses the phantom.
The phantom is almost destroyed.
The phantom hits you.
* * * LOW HITPOINT WARNING * * *
You closely miss the phantom.
The phantom is almost destroyed.
The phantom hits you.
* * * LOW HITPOINT WARNING * * *
A red film seems to cover your vision as you go berserk!
You feel yourself moving faster!
You feel mighty!
You are feeling very hungry.
You feel sick.
The phantom hits you but does no damage.
You barely miss the phantom. Your headbutt misses the phantom.
The phantom is almost destroyed.
You hit the phantom.
The phantom is almost destroyed.
The phantom hits you!
You die...

#.#.
.#.#..
......
..).
...# #..
#.##
#.W#
##@##
#..#
##.# #
#.# #
#.# .
#.#####
#.....##
###
#####..#
##..
##.##
#.. (


You could see a phantom.

Vanquished Creatures
  A phantom (D:2)
  A bullfrog (D:4)
  A scorpion (D:4)
  A hound (D:4)
  An orc priest (D:3)
  A bullfrog skeleton (D:4)
  An iguana (D:4)
  2 worker ants (D:4)
  2 orc wizards (D:3)
  A hound zombie (D:4)
  4 adders
  2 oozes (D:2)
  3 worms
  A dart slug (D:1)
  7 leopard geckos
  3 orcs (D:3)
  3 ball pythons
  7 giant cockroaches
  7 goblins
  14 hobgoblins
  8 jackals
  15 kobolds
  A quokka (D:3)
  6 bats
  3 frilled lizards
  7 rats
103 creatures vanquished.

Notes
Turn   | Place    | Note
-------+----------+-------------------------------------------
     0 | D:1      | Lauz the Minotaur Berserker began the quest for the Orb.
     0 | D:1      | Reached XP level 1. HP: 19/19 MP: 0/0
    57 | D:1      | Found a sparkling altar of Nemelex Xobeh.
   101 | D:1      | Reached skill level 4 in Long Blades
   112 | D:1      | Reached XP level 2. HP: 25/27 MP: 1/1
   772 | D:2      | Reached XP level 3. HP: 33/33 MP: 2/2
   808 | D:2      | Reached ** piety under Trog
   836 | D:2      | Reached skill level 5 in Long Blades
   933 | D:2      | Reached XP level 4. HP: 40/41 MP: 3/3
   941 | D:2      | Noticed a phantom
   963 | D:2      | Killed a phantom
   963 | D:2      | Reached skill level 6 in Long Blades
   963 | D:2      | Reached XP level 5. HP: 28/47 MP: 4/4
  1388 | D:2      | Found a basalt altar of Yredelemnul.
  1622 | D:3      | Found an iron altar of Okawaru.
  1634 | D:3      | Reached skill level 1 in Stealth
  1710 | D:3      | Reached skill level 5 in Fighting
  1762 | D:3      | Reached skill level 7 in Long Blades
  1762 | D:3      | Reached XP level 6. HP: 38/56 MP: 5/5
  2326 | D:3      | Reached *** piety under Trog
  2524 | D:3      | Found a bloodstained altar of Trog.
  3322 | D:4      | Found a radiant altar of Vehumet.
  3322 | D:4      | Found a bloodstained altar of Trog.
  3365 | D:4      | Reached skill level 8 in Long Blades
  3479 | D:4      | Reached XP level 7. HP: 35/61 MP: 6/6
  3922 | D:4      | Slain by a phantom

Skill      XL: |  1  2  3  4  5  6 |
---------------+-------------------+-----
Long Blades    | 4 5 6 7 8 |  8.5
Fighting       | 4 5 |  5.6
Stealth        | 1 |  1.7
Armour         | |  2.4
Dodging        | |  2.1

Action                   |  1- 3 |  4- 6 |  7- 9 || total
-------------------------+-------+-------+-------++-------
Melee: Falchion          |    62 |   151 |    30 ||   243
       Headbutt          |    14 |    38 |    10 ||    62
Invok: Berserk           |       |     2 |     1 ||     3
  Use: Scroll            |       |     3 |       ||     3
 Stab: Sleeping          |     1 |     2 |       ||     3
  Eat: Chunk             |       |     9 |     2 ||    11
Armor: Animal skin       |    12 |    21 |     1 ||    34
Dodge: Dodged            |    36 |    85 |    13 ||   134
       Rpst.: Falchion   |    10 |    17 |     4 ||    31
